 Dungeon Crawl Stone Soup version 0.30-a0-339-g89bb51ec76 (webtiles) character file.

Game seed: 15352811929642781794

4936 Muataran the Cleaver (level 10, -2/91 HPs)
             Began as a Hill Orc Fighter on Nov 1, 2022.
             Was an Initiate of Qazlal.
             Slain by a polar bear (13 damage)
             ... on level 8 of the Dungeon.
             The game lasted 00:17:53 (9589 turns).

Muataran the Cleaver (Hill Orc Fighter)             Turns: 9589, Time: 00:17:54

Health: -2/91      AC: 14    Str: 22    XL:     10   Next: 52%
Magic:  10/10      EV:  6    Int: 10    God:    Qazlal [......]
Gold:   460        SH: 11    Dex: 10    Spells: 9/9 levels left

rFire   . . .      SeeInvis .    a - +1 war axe
rCold   . . .      Faith    .    d - +2 kite shield
rNeg    . . .      Spirit   .    A - +0 chain mail
rPois   .          Reflect  .    u - +0 helmet
rElec   .          Harm     .    E - +1 cloak
rCorr   .          Rampage  .    (no gloves)
Will    .....                    (no boots)
Stlth   ..........               (no amulet)
HPRegen 0.35/turn                (no ring)
MPRegen 0.12/turn                (no ring)

@: about to teleport
A: no striking features
a: Renounce Religion


You were on level 8 of the Dungeon.
You worshipped Qazlal.
Qazlal was noncommittal.
You visited 2 branches of the dungeon, and saw 9 of its levels.
You also visited: Sewer and Ossuary.

You collected 460 gold pieces.

Inventory:

Hand Weapons
 a - a +1 war axe (weapon)
Missiles
 y - a throwing net (quivered)
Armour
 d - a +2 kite shield (worn)
 u - a +0 helmet (worn)
 A - a +0 chain mail (worn)
 E - a +1 cloak (worn)
Jewellery
 g - a +6 ring of intelligence
 i - a ring of willpower
 k - a ring of protection from cold
 l - a ring of see invisible
 m - a ring of wizardry
 p - an amulet of guardian spirit
Wands
 t - a wand of mindburst (3)
 w - a wand of quicksilver (11)
Scrolls
 b - a scroll of enchant weapon
 e - 9 scrolls of identify
 f - 4 scrolls of vulnerability
 h - 3 scrolls of enchant armour
 r - a scroll of teleportation
 s - a scroll of fog
 v - a scroll of silence
 z - 2 scrolls of noise {unknown}
 C - a scroll of magic mapping {unknown}
 F - a scroll of amnesia {unknown}
Potions
 c - a potion of degeneration {unknown}
 j - 3 potions of heal wounds
 n - 7 potions of curing
 o - 5 potions of flight
 q - a potion of attraction
 x - 3 potions of lignification
 B - a potion of mutation {unknown}
 D - a potion of resistance {unknown}


   Skills:
 + Level 9.4 Fighting
 + Level 13.3 Axes
 * Level 8.5 Armour
 + Level 6.4 Shields
 + Level 0.0 Invocations


You had 9 spell levels left.
You didn't know any spells.
Your spell library contained the following spells:

 Spells                   Type           Power      Damage    Failure   Level
 Apportation              Tloc           0%         N/A       100%        1
 Beastly Appendage        Tmut           0%         N/A       100%        1
 Magic Dart               Conj           0%         1d3       100%        1
 Necrotise                Necr           0%         1d4       100%        1
 Summon Small Mammal      Summ           0%         N/A       100%        1
 Call Imp                 Summ           0%         N/A       100%        2
 Scorch                   Fire           0%         2d5       100%        2
 Wereblood                Tmut           0%         N/A       100%        2
 Gell's Gravitas          Tloc           0%         N/A       100%        3
 Inner Flame              Hex/Fire       0%         N/A       100%        3
 Kindle Blastsparks       Fire/Tloc/Air  0%         2d10      100%        3
 Lesser Beckoning         Tloc           0%         N/A       100%        3
 Mephitic Cloud           Conj/Pois/Air  0%         N/A       100%        3
 Spider Form              Tmut/Pois      0%         N/A       100%        3
 Teleport Other           Tloc           0%         N/A       100%        3
 Fulminant Prism          Conj/Hex       0%         3d5       100%        4
 Iskenderun's Mystic Bla  Conj/Tloc      0%         2d3       100%        4
 Lee's Rapid Deconstruct  Erth           0%         3d4*      100%        5
 Fire Storm               Conj/Fire      0%         5d1       100%        9


Dungeon Overview and Level Annotations

Branches:
Dungeon (8/15)             Temple (1/1) D:6           Sewer (visited)
Ossuary (visited)
   Lair: D:8-11

Altars:
Ashenzari
Cheibriados
Dithmenos
Elyvilon
Fedhas
Gozag
Hepliaklqana
Kikubaaqudgha
Makhleb
Nemelex Xobeh
Okawaru
Qazlal
Ru
Sif Muna
Trog
Uskayaw
Vehumet
Wu Jian
Xom
Yredelemnul
Zin
The Shining One

Annotations:
D:7 3 runed translucent doors, valliere's ghost, novice DgFE


Message History

You hit the polar bear but do no damage.
The polar bear is almost dead.
You block the polar bear's attack.
The polar bear claws you but does no damage. x2
You hit the polar bear.
The polar bear is almost dead.
You block the polar bear's attack.
The polar bear claws you but does no damage.
The polar bear closely misses you.
You closely miss the polar bear.
The polar bear is almost dead.
The polar bear goes berserk!
You barely miss the polar bear.
The polar bear is almost dead.
The polar bear bites you but does no damage.
The polar bear claws you but does no damage.
The polar bear closely misses you. The polar bear bites you!!
The polar bear claws you but does no damage. x2
You hit the polar bear.
The polar bear is almost dead.
The polar bear bites you! The polar bear completely misses you.
You block the polar bear's attack.
You hit the polar bear.
The polar bear is almost dead.
The polar bear bites you!
* * * LOW HITPOINT WARNING * * *
The polar bear claws you but does no damage. x2
The polar bear bites you!!
* * * LOW HITPOINT WARNING * * *
The polar bear claws you but does no damage.
You block the polar bear's attack.
You feel much better. You block the polar bear's attack. x2
The polar bear claws you but does no damage.
As you read the scroll of teleportation, it crumbles to dust.
You feel strangely unstable. The polar bear bites you!
* * * LOW HITPOINT WARNING * * *
You block the polar bear's attack.
The polar bear claws you but does no damage.
The polar bear bites you!
You die...

###.h## ####...
####.h#### ####....##
#.......l# ####....####
#......hh#####....####
########hh##...####
##lh..### #Yh### #h##
##@# #..# # ##.##### #
#......# ## #......## #.
##### ###.##....## ##.
##..)#####...####...##
#..
###...[).#...#..#####..#
#..
.##...))...####...######
#..


You could see a death yak, 5 polar bears, a black bear and 2 wyverns.

Vanquished Creatures
  Prince Ribbit (D:7)
  A hornet (D:7)
  A wyvern (D:7)
  2 steam dragons (D:6)
  A water moccasin (D:7)
  Duvessa (D:6)
  2 black bears
  An ogre (D:5)
  A centaur (D:7)
  A phantom (D:4)
  5 kobold brigands
  7 elf zombies (Ossuary)
  2 bullfrogs (D:7)
  A scorpion (D:6)
  A necrophage (D:6)
  21 wights
  Dowan (D:6)
  2 howler monkeys
  A centaur zombie (Ossuary)
  6 hounds
  4 human zombies (Ossuary)
  A gnoll bouda (D:6)
  A jelly (D:5)
  4 orc priests
  2 iguanas
  Natasha (thrice) (D:4)
  8 orc wizards
  3 mummies (Ossuary)
  5 gnolls
  10 adders
  A river rat (Sewer)
  2 shadow imps (D:7)
  2 ufetubi
  5 worms
  A dart slug (D:3)
  28 orcs
  5 endoplasms
  7 giant cockroaches
  5 goblins
  5 hobgoblins
  6 jackals
  5 quokkas
  9 ball pythons
  17 bats
  2 frilled lizards
  22 kobolds
  12 rats
234 creatures vanquished.

Vanquished Creatures (others)
  An orc wizard (D:3)
  2 fungi (D:6)
  2 plants (D:6)
5 creatures vanquished.

Grand Total: 239 creatures vanquished

Notes
Turn   | Place    | Note
-------+----------+-------------------------------------------
     0 | D:1      | Muataran the Hill Orc Fighter began the quest for the Orb.
     0 | D:1      | Reached XP level 1. HP: 19/19 MP: 1/1
    43 | D:1      | Reached skill level 3 in Axes
    60 | D:1      | Reached XP level 2. HP: 21/27 MP: 2/2
   285 | D:1      | Reached XP level 3. HP: 33/33 MP: 3/3
   856 | D:2      | Reached skill level 4 in Axes
   908 | D:2      | Reached XP level 4. HP: 40/40 MP: 4/4
  1703 | D:3      | Reached XP level 5. HP: 27/47 MP: 5/5
  1908 | D:3      | Found a glowing drain.
  1928 | Sewer    | Entered a sewer
  1943 | Sewer    | Reached skill level 5 in Axes
  2015 | Sewer    | Noticed a kobold brigand
  2016 | Sewer    | Noticed a kobold brigand
  2053 | Sewer    | Killed a kobold brigand
  2054 | Sewer    | Reached XP level 6. HP: 50/53 MP: 6/6
  2231 | Sewer    | Found a glowing silver altar of Zin.
  2626 | D:4      | Reached skill level 5 in Fighting
  2638 | D:4      | Reached skill level 6 in Axes
  2651 | D:4      | Reached XP level 7. HP: 32/61 MP: 7/7
  2969 | D:4      | Reached skill level 5 in Armour
  3024 | D:4      | Noticed Natasha
  3027 | D:4      | Killed Natasha
  3134 | D:4      | Reached skill level 7 in Axes
  3134 | D:4      | Reached skill level 5 in Shields
  3242 | D:4      | Noticed Natasha
  3256 | D:4      | Killed Natasha
  3331 | D:4      | Noticed Natasha
  3337 | D:4      | Killed Natasha
  3653 | D:5      | Entered Level 5 of the Dungeon
  3903 | D:5      | Reached XP level 8. HP: 15/70 MP: 8/8
  4168 | D:5      | Got the Grimoire of the Fetching Volcanoes
  4252 | D:5      | Reached skill level 8 in Axes
  4727 | D:6      | Found a staircase to the Ecumenical Temple.
  4753 | Temple   | Entered the Ecumenical Temple
  5238 | D:6      | Reached skill level 9 in Axes
  5520 | D:6      | Reached XP level 9. HP: 62/79 MP: 9/9
  5823 | D:6      | Reached skill level 10 in Axes
  5903 | D:6      | Noticed Duvessa
  5903 | D:6      | Noticed Dowan
  5911 | D:6      | Killed Duvessa
  5930 | D:6      | Killed Dowan
  6400 | D:7      | Noticed a moth of wrath
  6403 | D:7      | Found a bloodstained altar of Trog.
  6549 | D:7      | Noticed Prince Ribbit
  6594 | D:7      | Reached skill level 11 in Axes
  6895 | D:7      | Killed Prince Ribbit
  7525 | D:7      | Reached skill level 12 in Axes
  7678 | D:7      | Noticed a hornet
  7689 | D:7      | Killed a hornet
  7690 | D:7      | Reached XP level 10. HP: 43/90 MP: 10/10
  7836 | D:7      | Found a runed translucent gate.
  7836 | D:7      | Found a runed translucent gate.
  7840 | D:7      | Noticed valliere's ghost (novice DgFE)
  7840 | D:7      | Noticed a deep elf pyromancer
  7848 | D:7      | Found a runed translucent gate.
  8120 | D:7      | Found a shadowy altar of Dithmenos.
  8338 | D:8      | Found a sand-covered staircase.
  8437 | Ossuary  | Entered an ossuary
  8552 | Ossuary  | Reached skill level 13 in Axes
  8880 | D:8      | Identified the +4 long sword of Integrity {flame, rN++
                  | rCorr}
  9215 | D:8      | Found a huge runed translucent gate.
  9216 | D:8      | Found a huge runed translucent gate.
  9216 | D:8      | Noticed a manticore
  9217 | D:8      | Found a huge runed translucent gate.
  9218 | D:8      | Found a huge runed translucent gate.
  9219 | D:8      | Noticed a death yak
  9219 | D:8      | Noticed a manticore
  9278 | D:8      | Found a snail-covered altar of Cheibriados.
  9279 | D:8      | Found an opulent altar of Gozag.
  9281 | D:8      | Found a hide-covered altar of Uskayaw.
  9281 | D:8      | Found a stormy altar of Qazlal.
  9281 | D:8      | Found an iron altar of Okawaru.
  9289 | D:8      | Became a worshipper of Qazlal Stormbringer
  9587 | D:8      | HP: 3/91 [polar bear (18)]
  9589 | D:8      | Slain by a polar bear

Illustrated notes

Levels and vault maps discovered:
D:1:      mushboom_english_gardens, layout_rooms, nicolae_hexahallways
D:2:      layout_loops_ring, hex_large, grunt_ministairs_9
D:3:      layout_loops_ring, portal_sewer_entry_a, uniq_crazy_yiuf_cottage
D:4:      layout_basic, chequers_mini_garden, uniq_natasha
D:5:      layout_loops_ring
D:6:      kennysheep_steamy, layout_basic, minmay_temple_entry_overgrown,
          roderic_batcave, kennysheep_generic_room_5, uniq_duvessa
D:7:      layout_basic, grunt_dithmenos_shadows, tgw_trog,
          gammafunk_ghost_split, uniq_prince_ribbit1
D:8:      lemuel_bear_cage, layout_cave_pods, grunt_temple_overflow_open,
          enter_ossuary_2
Temple:   nicolae_temple_bog_church

Skill      XL: |  1  2  3  4  5  6  7  8  9 10 |
---------------+-------------------------------+-----
Axes           | 3 4 5 6 7 9 12 13 | 13.3
Fighting       | 4 5 6 7 8 9 |  9.4
Armour         | 4 5 6 8 |  8.5
Shields        | 4 5 6 |  6.4

Action                   |  1- 3 |  4- 6 |  7- 9 | 10-12 || total
-------------------------+-------+-------+-------+-------++-------
Melee: War axe           |    96 |   178 |   411 |   251 ||   936
  Use: Scroll            |       |     6 |     2 |     4 ||    12
       Potion            |       |       |     1 |     2 ||     3
Armor: Scale mail        |    55 |    83 |    96 |       ||   234
       Chain mail        |       |       |    72 |    74 ||   146
Dodge: Dodged            |    59 |    58 |   133 |    53 ||   303
Block: Buckler           |    26 |    27 |    91 |    24 ||   168
       Kite shield       |       |       |       |    70 ||    70

Table legend: (Time is in decaauts)
 A = Elapsed time spent in this place.
 B = Non-inter-level travel time spent in this place.
 C = Inter-level travel time spent in this place.
 D = Time resting spent in this place.
 E = Time spent auto-exploring this place.
 F = Levels seen in this place.
 G = Mean time per level.
                   A        B        C        D        E       F      G
               +--------+--------+--------+--------+--------+-----+--------+
         Total |   9769 |   9522 |    247 |   1299 |   5810 |  11 |  888.1 |
       Dungeon |   8819 |   8580 |    239 |   1211 |   5346 |   8 | 1102.4 |
        Temple |    230 |    222 |      8 |      0 |    194 |   1 |  230.0 |
         Sewer |    458 |    458 |      0 |     88 |    178 |   1 |  458.0 |
       Ossuary |    260 |    260 |      0 |      0 |     92 |   1 |  260.0 |
               +--------+--------+--------+--------+--------+-----+--------+

Top non-repeatable levels by time:
     D:6: 1850 daAuts
     D:7: 1640 daAuts
     D:4: 1057 daAuts
     D:8: 1018 daAuts
     D:5: 961 daAuts
     D:1: 877 daAuts
     D:2: 796 daAuts
     D:3: 616 daAuts
   Sewer: 458 daAuts
 Ossuary: 260 daAuts
  Temple: 230 daAuts
